Map: Abyssal Reef LE

Players

BCash

  • Race: Zerg Zerg
  • League: Diamond
  • Spawn Location: 11:00

Railgan - Winner!

  • Race: Zerg Zerg
  • League: Grandmaster
  • Spawn Location: 5:00

VOD

Have the link to the VOD?

Description

Time

  • Played on: Feb. 25, 2017, 6:13 p.m.
  • Length: 11:45
Show
View Real Time Build Order
Export as new Build Order

BCash Zerg 

Build Orders: Pool First, Zergling Baneling 

Get SALT Encoding   

  12  0:06  Drone  
  13  0:14  Overlord  
  13  0:17  Drone  
  14  0:32  Drone x2  
  16  0:39  Drone  
  18  0:57  Drone  
  18  0:58  Spawning Pool  
  18  1:00  Extractor  
  18  1:04  Drone  
  17  1:13  Drone  
  18  1:28  Hatchery  
  18  1:32  Drone  
  18  1:39  Drone  
  19  1:45  Zergling x2  
  20  1:54  Overlord  
  20  1:58  Queen  
  22  2:07  Metabolic Boost  
  22  2:12  Zergling x2  
  23  2:18  Zergling x2  
  24  2:25  Baneling Nest  
  24  2:27  Zergling x2  
  24  2:34  Queen  
  26  2:39  Zergling x2  
  26  2:42  Overlord  
  27  3:00  Overlord  
  27  3:01  Zergling x4  
  29  3:08  Zergling x6  
  29  3:12  Zergling x4  
  34  3:17  Zergling x2  
  35  3:22  Zergling x2  
  35  3:23  Zergling x2  
  35  3:26  Baneling x2  
  35  3:27  Baneling  
  37  3:28  Baneling  
  28  3:57  Zergling x2  
  28  3:58  Zergling x14  
  28  3:59  Zergling x2  
  35  4:07  Zergling x2  
  34  4:10  Zergling x4  
  34  4:18  Baneling  
  34  4:19  Baneling x2  
  34  4:22  Zergling x4  
  36  4:29  Baneling x3  
  36  4:32  Zergling x4  
  38  4:42  Zergling x4  
  37  4:57  Baneling, Zergling x8  
  37  4:58  Baneling  
  36  5:09  Zergling x4  
  36  5:10  Zergling x4  
  39  5:19  Zergling x6  
  37  5:32  Zergling x8  
  37  5:42  Zergling x4  
  35  5:43  Baneling x2  
  35  5:44  Baneling  
  35  5:51  Zergling x2  
  36  6:02  Baneling x2  
  36  6:03  Zergling x2  
  36  6:04  Zergling x4  
  37  6:08  Zergling x4  
  38  6:12  Zergling x2  
  38  6:13  Baneling  
  39  6:25  Zergling x6  
  32  6:35  Drone  
  32  6:36  Drone x2  
  32  6:37  Baneling x2  
  34  6:41  Zergling x2  
  34  6:45  Baneling  
  35  6:47  Zergling x2  
  35  6:54  Zergling x4  
  36  7:01  Zergling x2  
  36  7:02  Zergling x4  
  36  7:04  Baneling  
  36  7:08  Drone  
  36  7:12  Zergling x2  
  38  7:21  Drone x3  
  38  7:22  Drone  
  40  7:36  Drone x4  
  40  7:37  Drone  
  45  7:46  Overlord  
  45  7:47  Drone x2  
  46  7:54  Roach Warren  
  45  7:59  Overlord  
  45  8:00  Drone  
  45  8:04  Pneumatized Carapace  
  46  8:09  Extractor  
  46  8:10  Drone x2  
  46  8:11  Drone  
  47  8:20  Drone x4  
  47  8:21  Drone  
  51  8:43  Zergling x2  
  51  8:44  Zergling x10  
  52  8:58  Zergling x12  
  56  9:08  Hatchery  
  55  9:15  Lair  
  55  9:18  Extractor, Evolution Chamber  
  55  9:21  Evolution Chamber  
  55  9:22  Spore Crawler  
  55  9:23  Spore Crawler  
  50  9:24  Extractor  
  50  9:25  Overlord, Queen  
  50  9:26  Zergling x4  
  50  9:27  Zergling x4  
  55  9:38  Drone, Overlord  
  55  9:39  Drone x2  
  58  9:46  Zerg Missile Weapons Level 1  
  58  9:49  Zerg Ground Armor Level 1  
  58  9:58  Roach x2  
  62  10:00  Baneling x2  
  62  10:01  Baneling  
  62  10:06  Zergling x4  
  64  10:13  Glial Reconstitution  
  64  10:18  Hydralisk Den, Drone x2  
  65  10:24  Queen  
  65  10:38  Zergling x4, Unknown  
  65  10:41  Drone x4  
  69  10:46  Roach  
  69  10:47  Roach x2  
  75  10:52  Drone x2  
  77  11:03  Drone x4  
  77  11:04  Drone  
  76  11:13  Roach x3  
  76  11:15  Roach  
Show
View Real Time Build Order
Export as new Build Order

Railgan Zerg - Winner!

Build Orders: Hatch First, Zergling Baneling 

Get SALT Encoding   

  12  0:02  Drone  
  13  0:13  Overlord  
  13  0:17  Drone  
  14  0:32  Drone x2  
  16  0:36  Drone  
  17  0:46  Drone  
  18  0:57  Hatchery  
  18  0:59  Drone  
  18  1:01  Extractor  
  17  1:14  Spawning Pool  
  17  1:17  Drone  
  17  1:19  Drone  
  18  1:29  Drone  
  19  1:42  Overlord  
  19  1:56  Drone  
  19  2:00  Queen  
  22  2:05  Zergling x2  
  23  2:09  Drone, Queen  
  23  2:13  Drone, Metabolic Boost  
  27  2:20  Drone  
  28  2:24  Drone  
  29  2:32  Drone  
  29  2:34  Baneling Nest  
  29  2:36  Drone  
  30  2:40  Queen  
  30  2:42  Overlord  
  32  2:53  Drone x2  
  32  2:57  Zergling x2  
  35  3:06  Zergling x4  
  36  3:16  Zergling x2  
  37  3:20  Baneling x2  
  37  3:21  Drone  
  37  3:22  Overlord, Zergling x2  
  37  3:23  Drone, Zergling x2  
  37  3:25  Baneling x2  
  41  3:27  Drone x2  
  41  3:32  Baneling  
  41  3:33  Baneling  
  41  3:34  Zergling x2  
  44  3:39  Drone  
  43  3:44  Drone x2  
  43  3:49  Zergling x6  
  43  3:50  Queen  
  43  3:51  Queen  
  43  3:53  Baneling  
  43  3:54  Baneling x2  
  43  3:55  Zergling x2  
  50  3:57  Zergling x2  
  50  3:58  Zergling x2  
  50  4:01  Zergling x2  
  50  4:05  Zergling x2  
  50  4:07  Zergling x2  
  43  4:11  Baneling  
  43  4:13  Drone  
  44  4:20  Baneling  
  44  4:21  Drone  
  45  4:27  Baneling  
  45  4:30  Drone x2  
  47  4:34  Zergling x2  
  48  4:39  Spine Crawler  
  48  4:41  Spine Crawler  
  48  4:43  Baneling x2  
  44  4:57  Baneling, Zergling x2  
  44  4:58  Zergling x2  
  39  5:06  Zergling x12  
  43  5:08  Zergling x8  
  43  5:20  Baneling x2  
  33  5:31  Drone x2  
  33  5:33  Zergling x2  
  33  5:35  Queen x2  
  38  5:39  Drone  
  38  5:41  Drone  
  35  5:44  Drone x2  
  35  5:48  Spine Crawler  
  36  5:50  Spine Crawler  
  36  5:51  Baneling  
  35  6:02  Drone x2  
  36  6:04  Drone  
  36  6:08  Drone x2, Zergling x2  
  36  6:09  Zergling x2  
  37  6:12  Zergling x2  
  37  6:19  Zergling x4  
  39  6:29  Zergling x4  
  38  6:36  Zergling x4  
  38  6:38  Baneling x2  
  39  6:41  Baneling x2  
  39  6:42  Drone  
  39  6:44  Zergling x4  
  42  6:49  Baneling  
  42  6:50  Zergling x2  
  43  6:57  Baneling  
  42  7:04  Drone x2  
  42  7:05  Queen  
  42  7:06  Queen  
  46  7:09  Baneling  
  46  7:12  Drone  
  46  7:13  Zergling x4  
  49  7:18  Zergling x2  
  49  7:19  Drone  
  49  7:23  Baneling  
  49  7:27  Drone x2  
  51  7:36  Overlord  
  51  7:37  Roach Warren  
  51  7:38  Evolution Chamber, Drone  
  51  7:43  Drone x2  
  52  7:48  Extractor, Lair  
  52  7:49  Drone  
  51  7:55  Drone  
  52  8:02  Drone  
  52  8:04  Hatchery  
  52  8:06  Drone  
  53  8:16  Overlord  
  53  8:19  Drone x2  
  55  8:20  Drone  
  55  8:22  Extractor  
  55  8:26  Zergling x6  
  58  8:28  Baneling x5  
  58  8:38  Zergling x4  
  60  8:43  Zergling x2  
  60  8:44  Zergling x4  
  60  8:46  Baneling  
  60  8:48  Roach x2  
  65  8:57  Roach  
  65  8:58  Overlord  
  65  9:02  Drone  
  68  9:03  Overlord  
  68  9:09  Overlord  
  68  9:15  Overlord  
  70  9:17  Roach x5  
  70  9:22  Extractor  
  77  9:30  Roach  
  77  9:31  Roach x3  
  85  9:41  Zerg Missile Weapons Level 1  
  86  9:45  Drone  
  86  9:46  Drone x6  
  86  9:49  Drone  
  93  9:53  Glial Reconstitution  
  93  9:55  Roach x2  
  97  10:01  Roach x4  
  104  10:08  Overseer  
  104  10:10  Baneling x3  
  104  10:11  Drone  
  104  10:13  Overlord  
  105  10:14  Overlord  
  105  10:18  Overlord  
  105  10:25  Overlord  
  102  10:39  Roach  
  102  10:40  Roach x7  
  115  10:48  Drone x2  
  115  10:49  Drone x2  
  116  10:54  Roach  
  116  10:55  Roach x3  
  124  11:04  Ravager  
  123  11:05  Zergling x8  
  123  11:06  Ravager  
  126  11:12  Roach x2  
  126  11:14  Drone  
  131  11:23  Hatchery  
Tags
 
Add a new tag
Caveats
  • Supply blocks, unpowered buildings, or Contaminate may cause inaccurate times.
  • Supply counts are checked every 10 seconds.